 Dungeon Crawl Stone Soup version 0.32-a0-913-g739538afd8 (webtiles) character file.

Game seed: 5564285695197565954

71 runemasterragnar the Ruffian (level 4, 0/29 HPs)
             Began as an Octopode Shapeshifter on Apr 7, 2024.
             Slain by a gnoll
             ... wielding a +0 whip
              (6 damage)
             ... on level 2 of the Dungeon.
             The game lasted 00:01:04 (1363 turns).

runemasterragnar the Ruffian (OpSh)                 Turns: 1363, Time: 00:01:04

Health: 0/29       AC:  1    Str: 15    XL:     4   Next: 24%
Magic:  4/4        EV: 12    Int: 12    God:
Gold:   85         SH:  0    Dex: 11    Spells: 3/3 levels left

rFire   . .          .
                       - Unarmed
rCold   . . .        (no shield)
rNeg    . . .        (helmet currently unavailable)
rPois   .            (no amulet)
rElec   .            (no ring)
rCorr   .            (no ring)
SInv    .            (no ring)
Will    .....        (no ring)
Stlth   +++          (no ring)
HPRegen 0.24/turn    (no ring)
MPRegen 0.09/turn    (no ring)
                     (no ring)

%: no passive effects
@: beast-form
A: beast (slay +1), almost no armour, amphibious, 8 rings, camouflage 1,
gelatinous body 1, (nimble swimmer 1), tentacles
a: Begin Untransformation


You were on level 2 of the Dungeon.
You were a hulking beast.
You visited 1 branch of the dungeon, and saw 2 of its levels.

You collected 85 gold pieces.

Inventory:

Talismans
 b - a beast talisman (active)
 c - a flux talisman
Scrolls
 d - a scroll of enchant armour {unknown}
 e - a scroll of teleportation {unknown}
 g - a scroll of identify {unknown}
 h - a scroll of enchant weapon {unknown}
 i - 2 scrolls of immolation {unknown}
Potions
 a - 2 potions of lignification
 f - a potion of curing {unknown}
 j - a potion of magic {unknown}
 k - a potion of enlightenment {unknown}
 l - a potion of attraction {unknown}
 m - a potion of mutation {unknown}


   Skills:
 + Level 1.8 Fighting
 + Level 2.5 Dodging
 + Level 2.1 Stealth
 + Level 3.4 Unarmed Combat
 + Level 3.4 Shapeshifting


You had 3 spell levels left.
You didn't know any spells.
Your spell library contained the following spells:

 Spells                   Type           Power      Damage    Failure   Level
 Apportation              Tloc           0%         N/A       32%         1
 Necrotise                Necr           0%         1d4       32%         1
 Sting                    Conj/Alch      0%         1d3       32%         1
 Summon Small Mammal      Summ           0%         N/A       32%         1


Dungeon Overview and Level Annotations

Branches:
Dungeon (2/15)

Altars:

Shops:
D:2 (


Innate Abilities, Weirdness & Mutations

You are a hulking beast.
Your limbs bulge with bestial killing power. (Slay +1)
You cannot wear most types of armour.
You are amphibious.
You can wear up to eight rings at the same time.
Your skin changes colour to match your surroundings (Stealth+).
Your rubbery body absorbs attacks. (AC +1, EV +1)
((You are camouflaged when in or above water. (Stealth+)))
You have tentacles for arms and can constrict up to eight enemies at once.


Message History

No target in view!
No target in view!
A rat is nearby!
A rat is nearby!
A rat is nearby!
You barely miss the rat. Your grab misses the rat. The rat barely misses you.
You tentacle-slap the rat.
You kill the rat!
You now have 85 gold pieces (gained 9).
You see here a giant cockroach corpse.
A gnoll comes into view.
It is wielding a +0 whip, quivering a throwing net and carrying a wand of warping.
A gnoll is nearby!
A gnoll is nearby!
The gnoll shouts!
You tentacle-slap the gnoll but do no damage.
You grab the gnoll.
You constrict the gnoll, but do no damage.
The gnoll hits you with a +0 whip!
A gnoll is nearby!
You tentacle-slap the gnoll but do no damage.
You tentacle-slap the gnoll, but do no damage.
You constrict the gnoll. The gnoll hits you with a +0 whip!
You are too injured to fight recklessly!
A gnoll is nearby!
You are too injured to fight recklessly!
A gnoll is nearby!
Unknown command.
You tentacle-slap the gnoll.
You squeeze the gnoll, but do no damage.
The gnoll is moderately wounded.
You constrict the gnoll. The gnoll hits you with a +0 whip.
* * * LOW HITPOINT WARNING * * *
You tentacle-slap the gnoll.
The gnoll is heavily wounded.
You constrict the gnoll, but do no damage.
The gnoll closely misses you.
You tentacle-slap the gnoll but do no damage.
The gnoll is heavily wounded.
You constrict the gnoll. The gnoll hits you with a +0 whip.
You die...

#...#....†......†...#
#
#.#.#.##.####...###.#
#...#.#......#### #
#........###.#
#.#####.†# #.
.....?....# #.
####...##..# ## #..
#..# #.. #.h#
#.....!.g......
#...########### #.. #
#.### #.... #.###


You could see a gnoll.

Vanquished Creatures
  An adder (D:2)
  3 dart slugs
  3 bats
  3 endoplasms
  6 giant cockroaches
  6 goblins
  6 hobgoblins
  5 jackals
  2 quokkas
  6 ball pythons
  2 frilled lizards
  7 rats
50 creatures vanquished.

Notes
Turn   | Place    | Note
-------+----------+-------------------------------------------
     0 | D:1      | runemasterragnar the Octopode Shapeshifter began the quest
                  | for the Orb.
     0 | D:1      | Reached XP level 1. HP: 13/13 MP: 1/1
     6 | D:1      | Noticed a lindwurm
     6 | D:1      | Noticed a polar bear
     6 | D:1      | Noticed a hound
     7 | D:1      | Noticed a redback
     7 | D:1      | Noticed a wyvern
   132 | D:1      | Reached XP level 2. HP: 18/18 MP: 2/2
   137 | D:1      | Reached skill level 1 in Stealth
   463 | D:1      | Reached XP level 3. HP: 23/23 MP: 3/3
  1124 | D:2      | Found Deecoak's Antique Weapon Shop.
  1133 | D:2      | Reached XP level 4. HP: 21/29 MP: 4/4
  1363 | D:2      | Slain by a gnoll

Illustrated notes

Levels and vault maps discovered:
D:1:      onia_arrival_zoo_common, layout_basic
D:2:      layout_basic, serial_shops, nicolae_shop_trees, roderic_lattice_a,
          minmay_pentomino_o4

Skill      XL: |  1  2  3 |
---------------+----------+-----
Stealth        | 1 2 |  2.1
Fighting       | |  1.8
Dodging        | |  2.5
Unarmed Combat | |  3.4
Shapeshifting  | |  3.4

Action                     |  1- 3 |  4- 6 || total
---------------------------+-------+-------++-------
  Melee: Unarmed           |    63 |    24 ||    87
         Constrict         |    18 |     4 ||    22
         Tentacles         |    12 |     2 ||    14
         Punch             |     3 |     1 ||     4
   Stab: Sleeping          |     7 |     2 ||     9
 Armour: Skin              |    23 |    13 ||    36
  Dodge: Dodged            |    23 |    22 ||    45

Table legend: (Time is in decaauts)
 A = Elapsed time spent in this place.
 B = Non-inter-level travel time spent in this place.
 C = Inter-level travel time spent in this place.
 D = Time resting spent in this place.
 E = Time spent auto-exploring this place.
 F = Levels seen in this place.
 G = Mean time per level.
                   A        B        C        D        E       F      G
               +--------+--------+--------+--------+--------+-----+--------+
         Total |   1358 |   1319 |     39 |     53 |   1021 |   2 |  679.0 |
       Dungeon |   1358 |   1319 |     39 |     53 |   1021 |   2 |  679.0 |
               +--------+--------+--------+--------+--------+-----+--------+

Top non-repeatable levels by time:
     D:1: 888 daAuts
     D:2: 470 daAuts
